 Dungeon Crawl Stone Soup version 0.25-a0-942-g87a53962fc (webtiles) character file.

Game seed: 12306626041827460274, levelgen mode: deterministic

109 Maedhros the Poker (level 4, 0/31 HPs)
             Began as an Octopode Fighter on May 6, 2020.
             Slain by an orc wizard
             ... wielding a +0 dagger
              (5 damage)
             ... on level 3 of the Dungeon.
             The game lasted 00:01:23 (1988 turns).

Maedhros the Poker (Octopode Fighter)               Turns: 1988, Time: 00:01:24

Health: 0/31       AC:  1    Str: 15    XL:     4   Next: 89%
Magic:  4/4        EV: 11    Int: 10    God:
Gold:   82         SH:  8    Dex: 12    Spells: 3/3 levels left

rFire    . . .     SeeInvis .   a - +0 trident
rCold    . . .     Gourm    .   b - +0 kite shield
rNeg     . . .     Faith    .   (helmet restricted)
rPois    .         Spirit   .   (no amulet)
rElec    .         Reflect  .   (no ring)
rCorr    .         Harm     .   (no ring)
MR       .....                  (no ring)
Stlth    ++........             (no ring)
HPRegen  0.10/turn              (no ring)
MPRegen  0.09/turn              (no ring)
                                (no ring)
                                (no ring)

@: mighty
A: almost no armour, stealthy swim, amphibious, 8 rings, constrict 8, camouflage
1, gelatinous body 1
a: no special abilities


You were on level 3 of the Dungeon.
You were hungry.

You visited 1 branch of the dungeon, and saw 3 of its levels.

You collected 82 gold pieces.

Inventory:

Hand Weapons
 a - a +0 trident (weapon)
Armour
 b - a +0 kite shield (worn)
Scrolls
 e - a scroll of random uselessness {unknown}
 g - a scroll of remove curse {unknown}
 h - 2 scrolls of identify {unknown}
 i - 2 scrolls of amnesia {unknown}
 j - a scroll of enchant weapon {unknown}
 l - 2 scrolls of blinking {unknown}
 m - a scroll of teleportation {unknown}
Comestibles
 d - 5 rations
 f - 6 chunks of flesh


   Skills:
 - Level 3.0 Fighting
 + Level 4.9 Polearms
 - Level 3.0 Dodging
 - Level 3.0 Shields


You had 3 spell levels left.
You didn't know any spells.
Your spell library was empty.

Dungeon Overview and Level Annotations

Branches:
Dungeon (3/15)

Altars:


Innate Abilities, Weirdness & Mutations

You cannot wear most types of armour.
You are very stealthy in the water. (Stealth+)
You are amphibious.
You can wear up to eight rings at the same time.
You can use your tentacles to constrict eight enemies at once.
Your skin changes colour to match your surroundings (Stealth+).
Your rubbery body absorbs attacks. (AC +1, EV +1)


Message History

The bat hits you.
You hear some strange, mumbled words.
The bat barely misses you. You block the bat's attack.
You feel very mighty all of a sudden. The bat hits you but does no damage.
You are feeling hungry.
You puncture the bat!
You kill the bat!
Something hits you.
You barely miss something.
The orc hits you from afar with a +0 trident!
Something hits you.
You miss something. Something hits you. You block the orc's attack.
Something hits you.
You miss something. You squeeze something! Something hits you.
The orc hits you from afar with a +0 trident!
* * * LOW HITPOINT WARNING * * *
Something hits you.
You die...

### #.#
#.###############
#...........@†og#
#.#############.#
#.# ####'#### #.#
#.......# #.#
#.......# #.#
#.......# #.#
#g..)...# #####.#
#.........#
......#
#.........#


You could see a gnoll and an orc.

Vanquished Creatures
  5 adders (D:2)
  2 worms
  3 dart slugs (D:1)
  2 leopard geckos
  6 orcs (D:3)
  5 bats
  A giant cockroach (D:2)
  7 goblins
  3 hobgoblins
  4 frilled lizards
  4 kobolds
  4 rats
46 creatures vanquished.

Notes
Turn   | Place    | Note
-------+----------+-------------------------------------------
     0 | D:1      | Maedhros the Octopode Fighter began the quest for the Orb.
     0 | D:1      | Reached XP level 1. HP: 16/16 MP: 1/1
    30 | D:1      | Reached XP level 2. HP: 17/21 MP: 2/2
   202 | D:1      | Reached skill level 3 in Polearms
   413 | D:1      | Reached XP level 3. HP: 23/26 MP: 3/3
  1050 | D:2      | Reached skill level 4 in Polearms
  1053 | D:2      | Reached XP level 4. HP: 31/31 MP: 4/4
  1988 | D:3      | Slain by an orc wizard

Levels and vault maps discovered:
D:1:      lightli_arrival_lavapool, layout_loops_ring,
          minmay_misc_feat_secret_circle, hangedman_decor_clover_reticule,
          hangedman_decor_slide_cut, grunt_decor_fettered
D:2:      layout_basic, first_ration
D:3:      layout_basic

Skill      XL: |  1  2  3 |
---------------+----------+-----
Polearms       | 3 4 |  4.9
Fighting       | |  3.0
Dodging        | |  3.0
Shields        | |  3.0

Action                   |  1- 3 |  4- 6 || total
-------------------------+-------+-------++-------
Melee: Trident           |    64 |    54 ||   118
       Tentacles         |    11 |    10 ||    21
       Constrict         |    10 |    11 ||    21
  Use: Potion            |     3 |     1 ||     4
 Stab: Sleeping          |     3 |       ||     3
  Eat: Chunk             |       |     3 ||     3
Armor: Skin              |     6 |     2 ||     8
Dodge: Dodged            |    15 |    20 ||    35
Block: Kite shield       |    31 |    16 ||    47

Table legend:
 A = Non-vault XP
 B = Vault XP
 C = Vault XP percentage of total XP
 D = Non-vault monster count
 E = Vault monster count
 F = Vault count percentage of total count
                 A         B        C        D         E       F
            +---------+---------+-------+---------+---------+-------
      Total |     156 |       0 |   0.0 |      46 |       0 |   0.0
            +---------+---------+-------+---------+---------+-------
        D:1 |      37 |       0 |   0.0 |      19 |       0 |   0.0
        D:2 |      88 |       0 |   0.0 |      17 |       0 |   0.0
        D:3 |      31 |       0 |   0.0 |      10 |       0 |   0.0
            +---------+---------+-------+---------+---------+-------
